 Dungeon Crawl Stone Soup version 0.31-a0-426-g3a05650e59 (webtiles) character file.

Game seed: 13710465363711015423

47 Ofeo the Magician (level 3, 0/28 HPs)
             Began as a Djinni Warper on July 30, 2023.
             Slain by Natasha (2 damage)
             ... on level 2 of the Dungeon.
             The game lasted 00:02:28 (2123 turns).

Ofeo the Magician (Djinni Warper)                   Turns: 2123, Time: 00:02:29

Health: 0/28       AC:  5    Str: 10    XL:     3   Next: 97%
Gold:   81         EV: 10    Int: 16    God:
                   SH:  0    Dex: 12

rFire   + + .        a - +0 long sword (holy)
rCold   x . .        (no shield)
rNeg    . . .        i - +0 ring mail
rPois   ∞            (no helmet)
rElec   .            (no cloak)
rCorr   .            (no gloves)
SInv    .            (boots unavailable)
Will    .....        (no amulet)
Stlth   +            (no ring)
HPRegen 0.24/turn    (no ring)
MPRegen 0.00/turn

%: infuse magic (-1 HP)
@: flying, slowed, very slow
A: sickness immunity, fire resistance 2, cold vulnerability 1, float, innate
caster, HP casting, extra vitality 1, fangs 1
a: no special abilities


You were on level 2 of the Dungeon.
You visited 1 branch of the dungeon, and saw 2 of its levels.

You collected 81 gold pieces.

Inventory:

Hand Weapons
 a - a +0 long sword of holy wrath (weapon)
 b - a +1 dagger of venom
Missiles
 d - 2 darts of dispersal (quivered)
 e - 2 poisoned darts
Armour
 i - a +0 ring mail (worn)
 j - a +0 leather armour
Scrolls
 g - a scroll of amnesia
Potions
 h - a potion of magic {unknown}
 k - a potion of might {unknown}
 l - a potion of berserk rage {unknown}


   Skills:
 + Level 2.3 Fighting
 + Level 2.1 Long Blades
 + Level 1.2 Throwing
 + Level 1.4 Armour
 + Level 2.5 Dodging
 + Level 2.9 Spellcasting
 + Level 2.9 Conjurations
 + Level 2.9 Hexes
 + Level 2.9 Summonings
 + Level 2.9 Necromancy
 + Level 2.9 Translocations
 + Level 2.9 Transmutations
 + Level 2.9 Fire Magic
 + Level 2.9 Ice Magic
 + Level 2.9 Air Magic
 + Level 2.9 Earth Magic
 + Level 2.9 Poison Magic


You knew the following spells:

 Your Spells              Type           Power      Damage    Failure   Level
a - Blink                 Tloc           22%        N/A       22%         2
b - Lesser Beckoning      Tloc           22%        N/A       22%         2
c - Vhi's Electric Charg  Tloc/Air       22%        N/A       38%         3
d - Teleport Other        Tloc           11%        N/A       38%         3
e - Manifold Assault      Tloc           11%        N/A       80%         4
f - Freeze                Ice            44%        1d6       14%         1
Your spell library was empty.

Dungeon Overview and Level Annotations

Branches:
Dungeon (2/15)

Altars:

Annotations:
D:2 Natasha


Innate Abilities, Weirdness & Mutations

You are immune to sickness and miasma.
You are immune to poison.
Your flesh is very heat resistant. (rF++)
You are vulnerable to cold. (rC-)
You float through the air rather than walking.
You learn spells naturally, not from books.
Your magical power is your life essence.
You have superior vitality. (+4 MHP)
You have very sharp teeth.


Message History

It was a potion of mutation.
You feel extremely strange.
Your teeth lengthen and sharpen.
Natasha claws you but does no damage.
You barely miss Natasha. You bite Natasha, but do no damage.
Natasha mumbles some strange words.
Natasha claws you.
You take 5 damage, and have 23/28 hp.
You hit Natasha. Your bite misses Natasha.
Natasha is moderately wounded.
Natasha claws you but does no damage. The cerulean imp closely misses you.
You completely miss Natasha.
Natasha is moderately wounded.
Natasha claws you! The cerulean imp misses you.
You take 8 damage, and have 15/28 hp.
MASSIVE DAMAGE!!
You closely miss Natasha.
Natasha is moderately wounded.
Natasha casts a spell at you.
You feel yourself slow down.
The cerulean imp hits you with a +2 spear.
You take 4 damage, and have 11/28 hp.
You closely miss Natasha. Your bite misses Natasha.
Natasha is moderately wounded.
Natasha stares at you and mumbles some strange words.
The magic dart hits you.
The cerulean imp hits you but does no damage.
Natasha claws you.
* * * LOW HITPOINT WARNING * * *
The cerulean imp hits you with a +2 spear.
* * * LOW HITPOINT WARNING * * *
You take 8 damage, and have 3/28 hp.
MASSIVE DAMAGE!!
Blink to where?
Press: ? - help, Dir - move target
As you read the scroll of blinking {@r4}, it crumbles to dust.
Cast which spell? (? or * to list)
Okay, then.
Natasha attacks as you move away! Natasha claws you.
* * * LOW HITPOINT WARNING * * *
The cerulean imp disappears in a puff of smoke!
Natasha claws you.
You die...

##...###..# #.# #...#
#.....##..# #.# #.#.#
#.........#######.###.#.#####.
#.....##...............h5.....
##...#####.######h###.#..5....
##.# #†# #.# #.#.#####. #.
#.######§# #.#.. #. #.##.h...#
#.#.## #. #.##@##### #.#$#
#.##.# #.#.# #.##.# #.#.#
###.##.# #...##.###
##.###..... #.###...##.....
#.............# #####...##.###


You could see Natasha.

Vanquished Creatures
  An adder (D:2)
  A worm (D:2)
  A dart slug (D:1)
  5 endoplasms
  3 hobgoblins
  3 kobolds
  5 quokkas (D:1)
  4 ball pythons
  4 bats
  2 frilled lizards (D:2)
  2 rats
31 creatures vanquished.

Notes
Turn   | Place    | Note
-------+----------+-------------------------------------------
     0 | D:1      | Ofeo the Djinni Warper began the quest for the Orb.
     0 | D:1      | Ofeo set off with the following spells memorised: Blink,
                  | Lesser Beckoning, Vhi's Electric Charge, Teleport Other,
                  | Manifold Assault.
     0 | D:1      | Reached XP level 1. HP: 18/18 MP: 0/0
   322 | D:1      | Reached XP level 2. HP: 5/23 MP: 0/0
  1064 | D:1      | Reached skill level 1 in Throwing
  1064 | D:1      | Reached XP level 3. HP: 28/28 MP: 0/0
  1064 | D:1      | Learned a level 1 spell: Freeze
  2108 | D:2      | Noticed Natasha
  2109 | D:2      | Gained mutation: You have very sharp teeth. [potion of
                  | mutation]
  2123 | D:2      | HP: 1/28 [Natasha (4)]
  2123 | D:2      | Slain by Natasha

Illustrated notes

Levels and vault maps discovered:
D:1:      dpeg_arrival_round_a, layout_basic
D:2:      layout_loops_ring, uniq_natasha

Skill      XL: |  1  2 |
---------------+-------+-----
Long Blades    | 2 |  2.1
Throwing       | 1 |  1.2
Fighting       | |  2.3
Armour         | |  1.4
Dodging        | |  2.5
Spellcasting   | |  2.9
Conjurations   | |  2.9
Hexes          | |  2.9
Summonings     | |  2.9
Necromancy     | |  2.9
Translocations | |  2.9
Transmutations | |  2.9
Fire Magic     | |  2.9
Ice Magic      | |  2.9
Air Magic      | |  2.9
Earth Magic    | |  2.9
Poison Magic   | |  2.9

Action                     || total
---------------------------++-------
  Melee: Falchion          ||    27
         Long sword        ||    91
         Punch             ||     1
         Bite              ||     1
  Throw: Dart              ||     5
    Use: Scroll            ||     4
         Potion            ||     1
 Armour: Leather armour    ||    25
         Ring mail         ||    15
  Dodge: Dodged            ||    72

Table legend: (Time is in decaauts)
 A = Elapsed time spent in this place.
 B = Non-inter-level travel time spent in this place.
 C = Inter-level travel time spent in this place.
 D = Time resting spent in this place.
 E = Time spent auto-exploring this place.
 F = Levels seen in this place.
 G = Mean time per level.
                   A        B        C        D        E       F      G
               +--------+--------+--------+--------+--------+-----+--------+
         Total |   2158 |   2060 |     98 |     65 |   1634 |   2 | 1079.0 |
       Dungeon |   2158 |   2060 |     98 |     65 |   1634 |   2 | 1079.0 |
               +--------+--------+--------+--------+--------+-----+--------+

Top non-repeatable levels by time:
     D:1: 1659 daAuts
     D:2: 499 daAuts
